 Dungeon Crawl Stone Soup version 0.28-a0-998-gb9e9c7b67e (webtiles) character file.

Game seed: 17088944615741777595

103 ytrimaz the Insei (level 4, -1/43 HPs)
             Began as an Octopode Transmuter on Dec 6, 2021.
             Succumbed to an adder's poison
             ... on level 4 of the Dungeon.
             The game lasted 00:03:45 (4871 turns).

ytrimaz the Insei (Octopode Transmuter)             Turns: 4871, Time: 00:03:46

Health: -1/43      AC: 22    Str:  7 (9)  XL:     4   Next: 79%
Magic:  1/7        EV:  2    Int: 16 (17) God:
Gold:   63         SH:  0    Dex: 11 (12) Spells: 3/7 levels left

rFire   . . .      SeeInvis .     - Unarmed
rCold   . . .      Faith    .   (no shield)
rNeg    . . .      Spirit   .   (helmet currently unavailable)
rPois   +          Reflect  .   (no amulet)
rElec   .          Harm     .   (no ring)
rCorr   .          Rampage  .   (no ring)
Will    .....      NoTele   +   (no ring)
Stlth   +.........              (no ring)
HPRegen 0.14/turn               (no ring)
MPRegen 0.10/turn               (no ring)
                                (no ring)
                                (no ring)

@: lethally poisoned (-1 -> -8), tree-form, very slightly contaminated
A: stationary, stasis, torment immunity, boosted hp, almost no armour,
(amphibious), 8 rings, (camouflage 1), (gelatinous body 1), (nimble swimmer 1),
(tentacles), sense surroundings 1
a: no special abilities


You were on level 4 of the Dungeon.
You were a tree.
You visited 1 branch of the dungeon, and saw 4 of its levels.

You collected 63 gold pieces.

Inventory:

Scrolls
 b - 4 scrolls of teleportation
 e - a scroll of fog
Potions
 f - a potion of attraction


   Skills:
 * Level 2.1 Fighting
 - Level 2.0 Dodging
 + Level 4.4 Unarmed Combat
 + Level 2.0 Spellcasting
 * Level 2.8 Transmutations
 * Level 0.4 Poison Magic


You had 3 spell levels left.
You knew the following spells:

 Your Spells              Type           Power      Damage    Failure   Level
a - Beastly Appendage     Tmut           20%        N/A       7%          1
b - Spider Form           Tmut/Pois      6%         N/A       32%         3

Your spell library contained the following spells:

 Spells                   Type           Power      Damage    Failure   Level
 Wereblood                Tmut           10%        N/A       10%         2
 Ignite Poison            Fire/Tmut/Pois 5%         N/A       36%         3
 Mephitic Cloud           Conj/Pois/Air  2%         N/A       52%         3
 Ice Form                 Ice/Tmut       6%         N/A       75%         4
 Freezing Cloud           Conj/Ice/Air   0%         6-21      99%         5


Dungeon Overview and Level Annotations

Branches:
Dungeon (4/15)
 Temple: D:4-7

Altars:
Hepliaklqana

Shops:
D:1 (   D:4 =


Innate Abilities, Weirdness & Mutations

You are a tree.
Your roots penetrate the ground, keeping you stationary.
You cannot be teleported.
You are immune to unholy pain and torment.
Your maximum health is greatly increased.
You cannot wear most types of armour.
((You are amphibious.))
You can wear up to eight rings at the same time.
((Your skin changes colour to match your surroundings (Stealth+).))
((Your rubbery body absorbs attacks. (AC +1, EV +1)))
((You are camouflaged near water. (Stealth+)))
((You have tentacles for arms and can constrict up to eight enemies at once.))
You passively map a small area around you.


Message History

Nothing appears to happen.
The adder bites you.
You are poisoned.
The adder poisons you!
Unknown command.
Casting: Spider Form (extremely dangerous; 30% risk of failure)
Confirm with . or Enter, or press ? or * to list all spells.
The spell is extremely dangerous to miscast (30% risk of failure)!
Continue anyway?
You turn into a venomous arachnid creature.
You feel sick. The adder bites you.
You are lethally poisoned!
The adder poisons you! The adder bites you.
Unknown command.
It was a potion of mutation.
You feel extremely strange.
You feel a strange attunement to the structure of the dungeons.
You feel very sick. The adder completely misses you.
It was a potion of flight.
You feel very buoyant.
You fly up into the air.
* * * LOW HITPOINT WARNING * * *
You feel very sick. The adder bites you.
* * * LOW HITPOINT WARNING * * *
It was a potion of lignification.
Your transformation has ended.
You turn into a tree.
Your roots penetrate the ground.
* * * LOW HITPOINT WARNING * * *
You feel sick. The adder bites you but does no damage. The adder bites you.
* * * LOW HITPOINT WARNING * * *
Unknown command.
It was a potion of degeneration.
There was something very wrong with that liquid.
You feel weakened.
You feel dopey.
You feel clumsy.
* * * LOW HITPOINT WARNING * * *
You feel sick. The adder bites you.
* * * LOW HITPOINT WARNING * * *
Unknown command.
You hit the adder.
The adder is moderately wounded.
You die...

######### #.......##
#.#####..### ###
#ZKSS♣.....### #.#
#.S######....### ##..
#..##..###.....####...
#.K..K..###...8.##....
#...Z#...##...........
#...##,...#...∩.......
#..## *..#.......###.
##.# ,##...<.......
#.# #..........<


You could see 2 adders, a ball python, a kobold and a hound skeleton.

Vanquished Creatures
  An adder (D:3)
  A white imp (D:3)
  3 worms
  2 dart slugs
  4 orcs
  6 bats
  3 endoplasms
  2 giant cockroaches (D:3)
  8 goblins
  7 hobgoblins
  5 jackals
  3 quokkas
  7 ball pythons
  3 frilled lizards
  5 kobolds
  7 rats
67 creatures vanquished.

Notes
Turn   | Place    | Note
-------+----------+-------------------------------------------
     0 | D:1      | ytrimaz the Octopode Transmuter began the quest for the
                  | Orb.
     0 | D:1      | Reached XP level 1. HP: 13/13 MP: 3/3
   363 | D:1      | Reached XP level 2. HP: 8/18 MP: 3/5
   364 | D:1      | Found Pavih's Antique Weapon Shop.
  1092 | D:1      | Reached XP level 3. HP: 21/23 MP: 6/6
  2007 | D:2      | Reached skill level 4 in Unarmed Combat
  2773 | D:3      | Reached XP level 4. HP: 17/29 MP: 3/7
  3642 | D:3      | Learned a level 3 spell: Spider Form
  4291 | D:3      | Found a hazy altar of Hepliaklqana.
  4829 | D:4      | Found Iwyostrari's Jewellery Boutique.
  4867 | D:4      | Gained mutation: You passively map a small area around you.
                  | [potion of mutation]
  4870 | D:4      | HP: 2/43 [poisoned by an adder]
  4871 | D:4      | Succumbed to an adder's poison

Illustrated notes

Levels and vault maps discovered:
D:1:      dpeg_cavernosity, layout_loops_ring, serial_shops,
          nicolae_shop_waterfront
D:2:      minmay_wonky_spiral, layout_basic, supply_closet_lemuel
D:3:      layout_basic, worldfamousw_hep_ancestral_shrine, st_stairs_14
D:4:      layout_cave_pools, serial_shops, shop_statue, minmay_cupped

Skill      XL: |  1  2  3  4 |
---------------+-------------+-----
Unarmed Combat | 4 |  4.4
Fighting       | 2 |  2.1
Dodging        | |  2.0
Spellcasting   | |  2.0
Transmutations | |  2.8
Poison Magic   | |  0.4

Action                   |  1- 3 |  4- 6 || total
-------------------------+-------+-------++-------
Melee: Unarmed           |   114 |    49 ||   163
       Constrict         |    33 |    15 ||    48
       Kick              |    17 |     8 ||    25
       Punch             |     1 |     1 ||     2
       Tentacles         |    10 |    10 ||    20
 Cast: Beastly Appendage |    20 |    13 ||    33
       Spider Form       |       |     1 ||     1
  Use: Potion            |     2 |     5 ||     7
       Scroll            |     2 |       ||     2
 Stab: Sleeping          |     9 |     3 ||    12
Armor: Skin              |    13 |     6 ||    19
Dodge: Dodged            |    91 |    27 ||   118

Table legend: (Time is in decaauts)
 A = Elapsed time spent in this place.
 B = Non-inter-level travel time spent in this place.
 C = Inter-level travel time spent in this place.
 D = Time resting spent in this place.
 E = Time spent auto-exploring this place.
 F = Levels seen in this place.
 G = Mean time per level.
                   A        B        C        D        E       F      G
               +--------+--------+--------+--------+--------+-----+--------+
         Total |   4861 |   4669 |    192 |    439 |   3594 |   4 | 1215.2 |
       Dungeon |   4861 |   4669 |    192 |    439 |   3594 |   4 | 1215.2 |
               +--------+--------+--------+--------+--------+-----+--------+

Top non-repeatable levels by time:
     D:3: 1797 daAuts
     D:2: 1557 daAuts
     D:1: 1411 daAuts
     D:4: 94 daAuts
